Unix NetHack Version 3.7.0-65 Work-in-progress - last build Oct 3 2022 04:20:45 (938f679fcd32a3c70215a73001258fd12811ee3d,branch:master). Game began 2022-10-03 19:57:38, ended 2022-10-04 07:57:31. y4k4r1, chaotic female orcish Barbarian ..---- .|. ....... ..... --.!........... ---.[..[.......... |...---......).... |...| |......--... . --..--|.......|... ..-- |<... -............... -.^.--|.| |.... --............... --aa..|.| ---. |.......).......- ---d@|....--- |....--..).......---..d----....| ----....||............).--- ---..-- |......----.--........--- -...| |...|.-- - |.......-- |..... --.---- ---...).| --... --- ----.-- |.. --- Y4k4r1 the Bandit St:17 Dx:19 Co:18 In:8 Wi:7 Ch:7 Chaotic S:3108 Dlvl:5 $:236 HP:0(73) Pw:12(12) AC:4 Xp:7/652 T:3507 Latest messages: The housecat eats a partly eaten gnome corpse. You kill the gnome! You feel less confused now. The gnome lord hits! You smite the gnome lord! The gnome lord hits! You smite the gnome lord! The gnome lord hits! You kill the gnome lord! Welcome to experience level 7. You feel quick! There is a gnome lord corpse here; eat it? [ynq] (n) This gnome lord corpse is fatty. The housecat picks up an aklys. You finish eating the gnome lord corpse. The housecat is hit by a dart! The housecat misses the lichen. The hobbit wields a dagger! You kill the hobbit! The housecat bites the lichen. The lichen is killed! There is a hobbit corpse here; eat it? [ynq] (n) Blecch! Rotten food! The world spins and goes dark. You are conscious again. The killer bee stings! The killer bee's sting was poisoned! The poison doesn't seem to affect you. The killer bee stings! The killer bee misses! The killer bee stings! The killer bee stings! You miss the killer bee. The killer bee stings! You smite the wolf! The wolf just misses! The killer bee misses! It bites the killer bee. The killer bee stings! What do you want to read? [iknxH or ?*] You feel threatened. The spellbook crumbles to dust! The wolf bites! The killer bee misses! It misses the killer bee. It misses the killer bee. The wolf bites! The wolf bites! You die... Do you want your possessions identified? [ynq] (y) Inventory: Coins $ - 236 gold pieces Weapons w - a blessed +0 elven dagger (at the ready) a - a rusty +0 battle-axe (weapon in hands) b - a +0 orcish short sword Armor u - an uncursed +0 orcish helm r - an uncursed +1 pair of gauntlets of dexterity (being worn) q - an uncursed +0 pair of elven boots (being worn) D - a blessed +1 dwarvish cloak (being worn) c - an uncursed +0 orcish ring mail (being worn) Comestibles j - an uncursed food ration e - an uncursed pancake Scrolls i - an uncursed scroll of confuse monster k - an uncursed scroll of enchant armor H - an uncursed scroll of light x - 2 uncursed scrolls of teleportation Potions C - an uncursed potion of fruit juice f - a cursed potion of gain energy l - 2 uncursed potions of invisibility v - an uncursed potion of monster detection Rings h - an uncursed ring of searching Wands G - a wand of speed monster (0:4) Tools A - a blessed magic lamp (lit) g - an uncursed magic whistle E - a cursed tallow candle B - an uncursed partly used wax candle Gems/Stones F - an uncursed worthless piece of green glass m - 2 uncursed worthless pieces of yellowish brown glass Y4k4r1 the Barbarian's attributes: Background: You were a Bandit, a level 7 female orcish Barbarian. You were chaotic, nominally on a mission for Set who was opposed by Mitra (lawful) and Crom (neutral). You were in the Gnomish Mines, on level 5. You entered the dungeon 3507 turns ago. You had 652 experience points, 628 more were needed to attain level 8. Your score was 3108 before end-of-game adjustments. Basics: You had 0 out of 73 hit points. You had all 12 energy points (spell power). Your armor class was 4. Your wallet contained 236 zorkmids. Autopickup was on for '$?!/="+' plus thrown, with exceptions. Final Characteristics: Your strength was 17 (limit:18/50). Your dexterity was 19 (base:18, innate limit:18). Your constitution was 18 (limit:18). Your intelligence was 8 (limit:16). Your wisdom was 7 (limit:16). Your charisma was 7 (limit:16). Final Status: You were not hungry. You were unencumbered. You were wielding an axe. You were skilled in axe. Final Attributes: You were piously aligned. You were poison resistant. You were telepathic. You had infravision. You were stealthy. You were warded. You were fast. You are dead. Miscellaneous: You never encountered a bones level. Total elapsed playing time was 1 hour, 2 minutes and 58 seconds. Major events: Turn 1: y4k4r1 the chaotic female orcish Barbarian entered the dungeon 1047: attained the rank of Pillager (level 3) 1492: entered the Gnomish Mines 2647: attained the rank of Bandit (level 6) 3507: killed by a wolf, while reading a book Vanquished creatures: 3 small mimics 2 ponies a yellow light 5 gnome leaders a gnomish wizard 4 elf zombies a ghoul 2 giant ants 2 floating eyes 2 kittens 6 dwarves a kobold leader a giant bat an orc zombie 4 dwarf zombies a werejackal 2 iguanas a coyote 6 hobbits 2 manes 2 giant rats a yellow mold a red mold 24 gnomes 4 garter snakes 2 geckos 8 jackals a fox a goblin 5 grid bugs 4 lichens a kobold zombie 10 newts 112 creatures vanquished. No species were genocided or became extinct. Voluntary challenges: You were an atheist. You read items or engraved 1 time. You never engraved Elbereth. You never genocided any monsters. You never polymorphed an object. You never changed form. You used no wishes. Achievements: You entered a shop. You attained the rank of Pillager. You entered the Gnomish Mines. You attained the rank of Bandit. The Dungeons of Doom: levels 1 to 2 Level 1: An altar. Level 2: An armor shop, a fountain. Stairs down to The Gnomish Mines. The Gnomish Mines: levels 3 to 5 Level 3: Level 4: Level 5: <- You were here. Final resting place for you, killed by a wolf, while reading a book. Game over: ---------- / \ / REST \ / IN \ / PEACE \ / \ | y4k4r1 | | 236 Au | | killed by a wolf | | | | | | | | 2022 | *| * * * | * _________)/\\_//(\/(/\)/\//\/|_)_______ Goodbye y4k4r1 the Barbarian... You died in The Gnomish Mines on dungeon level 5 with 3085 points, and 236 pieces of gold, after 3507 moves. You were level 7 with a maximum of 73 hit points when you died.